 Dungeon Sprint DCSS version 0.28.0-53-g5a82cb258f (webtiles) character file.

Game seed: 16182252085746134429

313 Zeld the Scribe (level 6, -3/32 HPs)
             Began as a Deep Elf Conjurer on June 5, 2022.
             Was a Priest of Sif Muna.
             Splashed by a jelly's acid (10 damage)
             ... in the Dungeon (Sprint VII: "The Pits").
             The game lasted 00:01:11 (1096 turns).

Zeld the Scribe (Deep Elf Conjurer)                 Turns: 1096, Time: 00:01:12

Health: -3/32      AC: -2    Str:  4    XL:     6   Next: 19%
Magic:  10/20      EV: 12    Int: 25    God:    Sif Muna [***...]
Gold:   0          SH:  0    Dex: 13    Spells: 12/23 levels left

rFire   . . .      SeeInvis .   (no weapon)
rCold   . . .      Faith    .   (no shield)
rNeg    . . .      Spirit   .   a - +0 robe
rPois   .          Reflect  .   (no helmet)
rElec   .          Harm     .   (no cloak)
rCorr   .          Rampage  .   (no gloves)
Will    .....      NoTele   +   (no boots)
Stlth   ++........              (no amulet)
HPRegen 0.10/turn               (no ring)
MPRegen 0.17/turn               (no ring)

@: corroded
A: no striking features
a: Renounce Religion, Channel Magic, Forget Spell


You were in the Dungeon.
You worshipped Sif Muna.
Sif Muna was most pleased with you.
You visited 1 branch

Inventory:

Armour
 a - a +0 robe (worn)
Scrolls
 g - a scroll of blinking
 i - 5 scrolls of amnesia
 j - a scroll of summoning
Potions
 b - 6 potions of curing
 c - 6 potions of heal wounds
 d - a potion of haste
 e - 4 potions of magic
 f - 3 potions of berserk rage
 h - 2 potions of invisibility


   Skills:
 - Level 2.4 Dodging
 - Level 2.4 Stealth
 + Level 9.1 Spellcasting
 + Level 8.4 Conjurations
 - Level 2.0 Hexes
 - Level 2.0 Translocations
 * Level 9.6 Invocations


You had 12 spell levels left.
You knew the following spells:

 Your Spells              Type           Power      Damage    Failure   Level
a - Magic Dart            Conj           100%       1d8       1%          1
b - Searing Ray           Conj           100%       2d8       1%          2
c - Fulminant Prism       Conj/Hex       18%        3d11      6%          4
d - Iskenderun's Mystic   Conj/Tloc      37%        2d9       6%          4

Your spell library contained the following spells:

 Spells                   Type           Power      Damage    Failure   Level
 Dazzling Flash           Conj/Hex       74%        N/A       1%          3


Dungeon Overview and Level Annotations

Branches:
Dungeon (1/1)

Altars:
Ashenzari
Cheibriados
Dithmenos
Elyvilon
Fedhas
Gozag
Hepliaklqana
Kikubaaqudgha
Makhleb
Nemelex Xobeh
Okawaru
Qazlal
Ru
Sif Muna
Trog
Uskayaw
Vehumet
Wu Jian
Xom
Yredelemnul
Zin
The Shining One
Beogh
Jiyva
Lugonu


Message History

You kill the floating eye!
Sif Muna accepts your kill.
You can now freely open your mind to new spells.
The bullfrog snags a nearby mosquito with its tongue.
Your Spellcasting skill increases to level 8!
Your Invocations skill increases to level 8!
The bullfrog closely misses you.
Casting: Searing Ray (safe; 1% risk of failure)
Confirm with . or Enter, or press ? or * to list all spells.
Aiming: Searing Ray (safe; 1% risk of failure)
Press: ? - help, Shift-Dir - straight line, f - bullfrog
Aim: a bullfrog (79% to hit)
The searing ray hits the bullfrog!
The bullfrog is heavily wounded. (Press . to maintain the ray.)
The bullfrog hits you.
The searing ray hits the bullfrog.
The bullfrog is severely wounded.
The searing ray hits the giant cockroach.
You kill the giant cockroach!
Sif Muna accepts your kill. The bullfrog completely misses you.
The bullfrog hits you.
Your Conjurations skill increases to level 8!
The searing ray hits the bullfrog!
You kill the bullfrog!
Sif Muna accepts your kill.
The searing ray hits the jelly.
The jelly is moderately wounded.
Your Spellcasting skill increases to level 9!
Your Invocations skill increases to level 9!
You have reached level 6!
The searing ray hits the jelly!
The jelly is almost dead.
You finish channelling your searing ray.
The jelly hits you. The acid corrodes you!
You are splashed with acid!
Unknown command.
The jelly hits you.
* * * LOW HITPOINT WARNING * * *
You are splashed with acid!
You die...

#...........'.....
#'#####'#####.....
#.#..#.....##.....
#.#))#####)#####'#
#.#))#.....##.....
#.#))#.....##.....
#.#[[###†####.....
#.##'#.....##...<.
#@#.......)##.....
#J#........##.....
#'###########.....
#.......# ######
#w......#
#...#.J.# #..##
..# #... .# #... #


You could see a worm and a jelly.

Vanquished Creatures
  2 floating eyes (D)
  A bullfrog (D)
  A hound (D)
  A gnoll (D)
  An adder (D)
  A bat skeleton (D)
  2 giant cockroaches (D)
  A kobold (D)
  A quokka (D)
  A ball python skeleton (D)
12 creatures vanquished.

Notes
Turn   | Place    | Note
-------+----------+-------------------------------------------
     0 | D        | Zeld the Deep Elf Conjurer began the quest for the Orb.
     0 | D        | Reached XP level 1. HP: 10/10 MP: 6/6
    26 | D        | Found a bloodstained altar of Trog.
    26 | D        | Found a shimmering blue altar of Sif Muna.
    26 | D        | Found a viscous altar of Jiyva.
    26 | D        | Found a hazy altar of Hepliaklqana.
    26 | D        | Found an opulent altar of Gozag.
    27 | D        | Found a glowing golden altar of the Shining One.
    27 | D        | Found a glowing silver altar of Zin.
    27 | D        | Found a basalt altar of Yredelemnul.
    27 | D        | Found a shimmering altar of Xom.
    27 | D        | Found an ornate altar of the Wu Jian Council.
    27 | D        | Found a sacrificial altar of Ru.
    27 | D        | Found a stormy altar of Qazlal.
    27 | D        | Found an iron altar of Okawaru.
    27 | D        | Found a sparkling altar of Nemelex Xobeh.
    27 | D        | Found a burning altar of Makhleb.
    27 | D        | Found a blossoming altar of Fedhas.
    27 | D        | Found a white marble altar of Elyvilon.
    27 | D        | Found a shadowy altar of Dithmenos.
    27 | D        | Found a snail-covered altar of Cheibriados.
    28 | D        | Found a radiant altar of Vehumet.
    28 | D        | Found a corrupted altar of Lugonu.
    29 | D        | Found an ancient bone altar of Kikubaaqudgha.
    29 | D        | Found a hide-covered altar of Uskayaw.
    29 | D        | Found a broken altar of Ashenzari.
    41 | D        | Became a worshipper of Sif Muna the Loreminder
    46 | D        | Reached skill level 1 in Hexes
    46 | D        | Reached skill level 1 in Translocations
   545 | D        | Reached skill level 1 in Invocations
   545 | D        | Reached XP level 2. HP: 15/15 MP: 5/9
   548 | D        | Learned a level 2 spell: Searing Ray
   548 | D        | Noticed a floating eye
   552 | D        | Killed a floating eye
   552 | D        | Reached * piety under Sif Muna
   553 | D        | Reached XP level 3. HP: 19/19 MP: 2/13
   553 | D        | Reached XP level 4. HP: 24/24 MP: 2/14
   558 | D        | Learned a level 4 spell: Fulminant Prism
   563 | D        | Learned a level 4 spell: Iskenderun's Mystic Blast
   907 | D        | Reached ** piety under Sif Muna
   916 | D        | Reached XP level 5. HP: 28/28 MP: 7/16
  1086 | D        | Noticed a floating eye
  1089 | D        | Killed a floating eye
  1089 | D        | Reached *** piety under Sif Muna
  1095 | D        | Reached XP level 6. HP: 22/32 MP: 11/20
  1096 | D        | Splashed by a jelly's acid

Illustrated notes

Levels and vault maps discovered:
D:        pitsprint [storerooms_1, entrance_room_1, metal_vault_3, armoury_2,
          mini_pit_1, grid_room_1, main_hall_1, silver_pit, the_coven_2,
          the_vestibule_1, steel_vault_4, golden_pit, hallway_of_sentries,
          crystal_vault_2, iron_vault_5, final_vault]

Skill      XL: |  1  2  3  4  5 |
---------------+----------------+-----
Hexes          | 2 |  2.0
Translocations | 2 |  2.0
Spellcasting   | 4 6 7 9 |  9.1
Invocations    | 1 6 7 9 |  9.6
Conjurations   | 6 7 8 |  8.4
Dodging        | |  2.4
Stealth        | |  2.4

Action                   |  1- 3 |  4- 6 || total
-------------------------+-------+-------++-------
Melee: Unarmed           |     3 |     1 ||     4
 Cast: Magic Dart        |     6 |     3 ||     9
       Searing Ray       |     1 |     4 ||     5
Armor: Robe              |     5 |     2 ||     7
Dodge: Dodged            |    14 |     5 ||    19
